PAA
ASHEVILLE HIGHLANDERS @ CHESAPEAKE CONTINENTALS
06/21/2028
 
TOP OF THE 1ST
Asheville Highlanders batting - Pitching for Chesapeake Continentals : RHP Pedro Silva
Pitching: RHP Pedro Silva
Batting: RHB Paco Muńóz 0-0: Ball
1-0: Foul Ball, location: 2F
1-1: Ball
2-1: Ground out 6-3 (Groundball, 6)
Batting: RHB Miguel Montoya 0-0: Ball
1-0: Ball
2-0: Ball
3-0: Base on Balls
Batting: RHB Rich Flannery 0-0: Ball
Miguel Montoya steals 2nd base
1-0: Ball
2-0: Called Strike
2-1: Fly out, F3 (Line Drive, 3S)
Batting: RHB Chris Oudekirk 0-0: Ball
1-0: Ball
2-0: Foul Ball, location: 2F
2-1: Ground out 6-3 (Groundball, 6S)
Top of the 1st over - 0 run(s), 0 hit(s), 0 error(s), 1 left on base; Asheville 0 - Chesapeake 0
BOTTOM OF THE 1ST
Chesapeake Continentals batting - Pitching for Asheville Highlanders : RHP Romano Martínez
Pitching: RHP Romano Martínez
Batting: RHB Alberto Esquivel 0-0: Ground out 1-3 (Groundball, P)
Batting: RHB Jouo Hirschovits 0-0: Called Strike
0-1: SINGLE (Groundball, 56D)
Batting: SHB Eustacio Tafalla 0-0: SINGLE (Groundball, 3) (infield hit)
Jouo Hirschovits to second
Batting: RHB Martín Alejadre 0-0: Foul Ball, location: 2F
0-1: Ball
1-1: Ball
2-1: Swinging Strike
2-2: Foul Ball, location: 2F
2-2: Ball
3-2: Base on Balls
Jouo Hirschovits to third
Eustacio Tafalla to second
Batting: RHB Juan Chávez 0-0: Ball
1-0: Foul Ball, location: 2F
1-1: Ball
2-1: Foul Ball, location: 2F
2-2: Foul Ball, location: 2F
2-2: Ball
3-2: Grounds into double play, 5-4-3 (Groundball, 56)
Bottom of the 1st over - 0 run(s), 2 hit(s), 0 error(s), 2 left on base; Asheville 0 - Chesapeake 0
TOP OF THE 2ND
Asheville Highlanders batting - Pitching for Chesapeake Continentals : RHP Pedro Silva
Batting: RHB Jan Gosselin 0-0: Ball
1-0: Called Strike
1-1: Foul Ball, location: 2F
1-2: Foul Ball, location: 2F
1-2: Ball
2-2: Ball
3-2: SINGLE (Groundball, 56D)
Batting: RHB Esteban Olivo 0-0: Ball
1-0: Foul Ball, location: 2F
1-1: Foul Ball, location: 2F
1-2: Foul Ball, location: 2F
1-2: Foul Ball, location: 2F
1-2: Ball
2-2: Fly out, F4 (Line Drive, 34)
Batting: RHB Ed Lastinger 0-0: Ball
Pickoff Throw to First - Out!
1-0: Fly out, F4 (Popup, 34D)
Top of the 2nd over - 0 run(s), 1 hit(s), 0 error(s), 0 left on base; Asheville 0 - Chesapeake 0
BOTTOM OF THE 2ND
Chesapeake Continentals batting - Pitching for Asheville Highlanders : RHP Romano Martínez
Batting: RHB Júlio Vargas 0-0: Ball
1-0: Swinging Strike
1-1: Foul Ball, location: 2F
1-2: Foul Ball, location: 2F
1-2: Strikes out swinging
Batting: LHB Miguel Gazivoda 0-0: Ball
1-0: Fly out, F4 (Popup, 34D)
Batting: RHB Dave Yates 0-0: Swinging Strike
0-1: Ball
1-1: Bunt missed!
1-2: Ball
2-2: Strikes out swinging
Bottom of the 2nd over - 0 run(s), 0 hit(s), 0 error(s), 0 left on base; Asheville 0 - Chesapeake 0
TOP OF THE 3RD
Asheville Highlanders batting - Pitching for Chesapeake Continentals : RHP Pedro Silva
Batting: RHB Bill Tan 0-0: Ball
1-0: Called Strike
1-1: Foul Ball, location: 2F
1-2: Foul Ball, location: 2F
1-2: Ground out 5-3 (Groundball, 56S)
Batting: RHB Marshall Attwood 0-0: Foul Ball, location: 2F
0-1: Called Strike
0-2: Ball
1-2: Ball
2-2: Ball
3-2: Base on Balls
Batting: RHB Paco Muńóz 0-0: Ball
1-0: Foul Ball, location: 2F
1-1: Grounds into double play, 5-4-3 (Groundball, 5)
Top of the 3rd over - 0 run(s), 0 hit(s), 0 error(s), 0 left on base; Asheville 0 - Chesapeake 0
BOTTOM OF THE 3RD
Chesapeake Continentals batting - Pitching for Asheville Highlanders : RHP Romano Martínez
Batting: RHB José Palácios 0-0: Called Strike
0-1: Ball
1-1: Ball
2-1: Called Strike
2-2: Ball
3-2: Foul Ball, location: 2F
3-2: Foul Ball, location: 2F
3-2: Foul Ball, location: 2F
3-2: Base on Balls
Batting: RHB Alberto Esquivel 0-0: Fly out, F9 (Flyball, 89M)
Batting: RHB Jouo Hirschovits 0-0: Fly out, F5 (Popup, 5L)
Batting: SHB Eustacio Tafalla 0-0: SINGLE (Line Drive, 8RS)
José Palácios to second
José Palácios to third
Batting: RHB Martín Alejadre 0-0: Ball
1-0: Called Strike
1-1: Ball
2-1: Ball
Pickoff Throw by Catcher to First - Out!
Bottom of the 3rd over - 0 run(s), 1 hit(s), 0 error(s), 0 left on base; Asheville 0 - Chesapeake 0
TOP OF THE 4TH
Asheville Highlanders batting - Pitching for Chesapeake Continentals : RHP Pedro Silva
Batting: RHB Miguel Montoya 0-0: Ball
1-0: Ball
2-0: Ball
3-0: Base on Balls
Batting: RHB Rich Flannery 0-0: Called Strike
Miguel Montoya steals 2nd base
0-1: Foul Ball, location: 2F
0-2: Ball
1-2: 2-RUN HOME RUN (Flyball, 78D), Distance : 398 ft
Batting: RHB Chris Oudekirk 0-0: Called Strike
0-1: Fly out, F9 (Flyball, 9S)
Batting: RHB Jan Gosselin 0-0: Swinging Strike
0-1: Ball
1-1: Ball
2-1: Ball
3-1: Base on Balls
Batting: RHB Esteban Olivo 0-0: Ball
Jan Gosselin steals 2nd base
1-0: Ball
Jan Gosselin steals 3rd base
2-0: Foul Ball, location: 2F
2-1: Ball
3-1: Called Strike
3-2: Ground out 6-3 (Groundball, 6)
Jan Gosselin scores
Batting: RHB Ed Lastinger 0-0: Ball
1-0: Ground out U3 (Groundball, 34S)
Top of the 4th over - 3 run(s), 1 hit(s), 0 error(s), 0 left on base; Asheville 3 - Chesapeake 0
BOTTOM OF THE 4TH
Chesapeake Continentals batting - Pitching for Asheville Highlanders : RHP Romano Martínez
Batting: RHB Martín Alejadre 0-0: Ball
1-0: Ball
2-0: Called Strike
2-1: Swinging Strike
2-2: Foul Ball, location: 2F
2-2: Foul Ball, location: 2F
2-2: Foul Ball, location: 2F
2-2: Foul Ball, location: 2F
2-2: Ball
3-2: Base on Balls
Batting: RHB Juan Chávez 0-0: Ball
1-0: Called Strike
1-1: Ball
Martín Alejadre steals 2nd base
2-1: Swinging Strike
2-2: Ground out 4-3 (Groundball, 4)
Martín Alejadre to third
Batting: RHB Júlio Vargas 0-0: Ball
1-0: Swinging Strike
1-1: Ball
2-1: Foul Ball, location: 2F
2-2: Foul Ball, location: 2F
2-2: Ground out 5-3 (Groundball, 56S)
Martín Alejadre scores
Batting: LHB Miguel Gazivoda 0-0: Ball
1-0: Foul Ball, location: 2F
1-1: Called Strike
1-2: Foul Ball, location: 2F
1-2: Foul Ball, location: 2F
1-2: Fly out, F8 (Flyball, 8RD)
Bottom of the 4th over - 1 run(s), 0 hit(s), 0 error(s), 0 left on base; Asheville 3 - Chesapeake 1
TOP OF THE 5TH
Asheville Highlanders batting - Pitching for Chesapeake Continentals : RHP Pedro Silva
Batting: RHB Bill Tan 0-0: Fly out, F5 (Line Drive, 56)
Batting: RHB Marshall Attwood 0-0: Ball
1-0: Foul Ball, location: 2F
1-1: Ball
2-1: Called Strike
2-2: Foul Ball, location: 2F
2-2: Ground out 6-3 (Groundball, 6)
Batting: RHB Paco Muńóz 0-0: Called Strike
0-1: Swinging Strike
0-2: Ball
1-2: SINGLE (Groundball, 56D)
Batting: RHB Miguel Montoya 0-0: Ball
1-0: Swinging Strike
1-1: SINGLE (Line Drive, 7S)
Paco Muńóz to second
Batting: RHB Rich Flannery 0-0: SINGLE (Flyball, 78S)
Paco Muńóz to third
Miguel Montoya to second
Runner from 3rd tries for Home, SAFE, no throw
Batting: RHB Chris Oudekirk 0-0: Called Strike
Miguel Montoya steals 3rd base
Rich Flannery to second
0-1: Swinging Strike
0-2: Ball
1-2: Strikes out swinging
Top of the 5th over - 1 run(s), 3 hit(s), 0 error(s), 2 left on base; Asheville 4 - Chesapeake 1
BOTTOM OF THE 5TH
Chesapeake Continentals batting - Pitching for Asheville Highlanders : RHP Romano Martínez
Batting: RHB Dave Yates 0-0: Called Strike
0-1: Bunt missed!
0-2: Fly out, F3 (Popup, 3L)
Batting: RHB José Palácios 0-0: Foul Ball, location: 2F
0-1: Foul Ball, location: 2F
0-2: Fly out, F6 (Line Drive, 6)
Batting: RHB Alberto Esquivel 0-0: Ball
1-0: Foul Ball, location: 2F
1-1: Swinging Strike
1-2: Foul Ball, location: 2F
1-2: Ball
2-2: Strikes out swinging
Bottom of the 5th over - 0 run(s), 0 hit(s), 0 error(s), 0 left on base; Asheville 4 - Chesapeake 1
TOP OF THE 6TH
Asheville Highlanders batting - Pitching for Chesapeake Continentals : RHP Pedro Silva
Batting: RHB Jan Gosselin 0-0: Foul Ball, location: 2F
0-1: Foul Ball, location: 2F
0-2: Ball
1-2: Ball
2-2: Ball
3-2: Fly out, F9 (Flyball, 9S)
Batting: RHB Esteban Olivo 0-0: Swinging Strike
0-1: Called Strike
0-2: Ball
1-2: Strikes out looking
Batting: RHB Ed Lastinger 0-0: Ball
1-0: Ball
2-0: Ball
3-0: Called Strike
3-1: Base on Balls
Pitching: RHP Eddie Schmitt
Batting: RHB Bill Tan 0-0: Called Strike
0-1: Called Strike
0-2: Foul Ball, location: 2F
0-2: Ball
1-2: Ball
2-2: Fielders Choice at 2nd, 6-4 (Groundball, 6)
Top of the 6th over - 0 run(s), 0 hit(s), 0 error(s), 0 left on base; Asheville 4 - Chesapeake 1
BOTTOM OF THE 6TH
Chesapeake Continentals batting - Pitching for Asheville Highlanders : RHP Romano Martínez
Batting: RHB Jouo Hirschovits 0-0: Ball
1-0: SINGLE (Line Drive, 78S)
Batting: SHB Eustacio Tafalla 0-0: Called Strike
0-1: Ball
1-1: Ball
2-1: Fly out, F8 (Line Drive, 8RM)
Batting: RHB Martín Alejadre 0-0: Ball
1-0: Called Strike
1-1: Ball
2-1: Ball
3-1: Fly out, F6 (Popup, 6MD)
Batting: RHB Juan Chávez 0-0: SINGLE (Groundball, 56D)
Jouo Hirschovits to second
Batting: RHB Júlio Vargas 0-0: Ball
1-0: Foul Ball, location: 2F
1-1: Foul Ball, location: 2F
1-2: Ball
2-2: Ball
3-2: Fly out, F8 (Flyball, 8RD)
Bottom of the 6th over - 0 run(s), 2 hit(s), 0 error(s), 2 left on base; Asheville 4 - Chesapeake 1
TOP OF THE 7TH
Asheville Highlanders batting - Pitching for Chesapeake Continentals : RHP Eddie Schmitt
Batting: RHB Marshall Attwood 0-0: Called Strike
0-1: SINGLE (Line Drive, 6MD)
Batting: RHB Paco Muńóz 0-0: Ball
1-0: Sac Bunt - play at first, batter OUT! 2-4
Marshall Attwood to second
Batting: RHB Miguel Montoya 0-0: Called Strike
0-1: Ball
1-1: Ball
2-1: Ball
3-1: SINGLE (Line Drive, 8RS)
Marshall Attwood to third
Batting: RHB Rich Flannery 0-0: Called Strike
0-1: 3-RUN HOME RUN (Flyball, 78XD), Distance : 421 ft
Batting: RHB Chris Oudekirk 0-0: Ball
1-0: Foul Ball, location: 2F
1-1: Ball
2-1: Swinging Strike
2-2: Foul Ball, location: 2F
2-2: Ball
3-2: Ground out 6-3 (Groundball, 6)
Batting: RHB Jan Gosselin 0-0: Ground out 5-3 (Groundball, 5)
Top of the 7th over - 3 run(s), 3 hit(s), 0 error(s), 0 left on base; Asheville 7 - Chesapeake 1
BOTTOM OF THE 7TH
Chesapeake Continentals batting - Pitching for Asheville Highlanders : RHP Romano Martínez
Pitching: RHP Tom Hernández
Batting: LHB Miguel Gazivoda 0-0: Called Strike
0-1: Fly out, F8 (Flyball, 8RXD)
Batting: RHB Dave Yates 0-0: Fly out, F7 (Flyball, 7)
Batting: RHB José Palácios 0-0: Called Strike
0-1: Called Strike
0-2: Ball
1-2: Strikes out swinging
Bottom of the 7th over - 0 run(s), 0 hit(s), 0 error(s), 0 left on base; Asheville 7 - Chesapeake 1
TOP OF THE 8TH
Asheville Highlanders batting - Pitching for Chesapeake Continentals : RHP Eddie Schmitt
Batting: RHB Esteban Olivo 0-0: Ball
1-0: Called Strike
1-1: Foul Ball, location: 2F
1-2: Foul Ball, location: 2F
1-2: Strikes out swinging
Batting: RHB Ed Lastinger 0-0: Ball
1-0: Ball
2-0: Ball
3-0: Foul Ball, location: 2F
3-1: Base on Balls
Batting: RHB Bill Tan 0-0: Ball
1-0: Reached on error, E5 (Groundball, 56)
Ed Lastinger to second
Batting: RHB Marshall Attwood 0-0: SINGLE (Flyball, 7S)
Ed Lastinger to third
Bill Tan to second
Runner from 3rd tries for Home, SAFE, no throw
Pitching: LHP Héctor Rodríguez
Batting: RHB Paco Muńóz 0-0: Called Strike
0-1: Foul Ball, location: 2F
0-2: Ball
1-2: Ball
2-2: Ball
3-2: DOUBLE (Groundball, 5L)
Bill Tan scores
Marshall Attwood to third
Batting: RHB Miguel Montoya 0-0: Ball
1-0: Called Strike
1-1: Ball
2-1: SINGLE (Groundball, 6MD)
Marshall Attwood scores
Paco Muńóz to third
Runner from 3rd tries for Home, SAFE, throw made home
Miguel Montoya to second
Batting: RHB Rich Flannery 0-0: Foul Ball, location: 2F
0-1: Ball
1-1: Foul Ball, location: 2F
1-2: Ball
2-2: Ball
3-2: Foul Ball, location: 2F
3-2: Foul Ball, location: 2F
3-2: Base on Balls
Pinch Hitting: RHB Edén Mont 0-0: SINGLE (Line Drive, 78M)
Miguel Montoya to third
Rich Flannery to second
Batting: RHB Jan Gosselin 0-0: Ball
1-0: Fielders Choice at 2nd, 5-4 (Groundball, 56)
Miguel Montoya scores
Rich Flannery to third
Batting: RHB Esteban Olivo 0-0: Called Strike
0-1: Foul Ball, location: 2F
0-2: Strikes out swinging
Top of the 8th over - 5 run(s), 4 hit(s), 1 error(s), 2 left on base; Asheville 12 - Chesapeake 1
BOTTOM OF THE 8TH
Chesapeake Continentals batting - Pitching for Asheville Highlanders : RHP Tom Hernández
Now at SS: Armando González
Batting: RHB Alberto Esquivel 0-0: Ball
1-0: Ball
2-0: Foul Ball, location: 2F
2-1: Fly out, F7 (Line Drive, 7)
Batting: RHB Jouo Hirschovits 0-0: Called Strike
0-1: Called Strike
0-2: Fly out, F3 (Popup, 34D)
Batting: SHB Eustacio Tafalla 0-0: Ball
1-0: SINGLE (Groundball, 4MD)
Batting: RHB Martín Alejadre 0-0: Ball
1-0: Fielders Choice at 2nd, 4-6 (Groundball, 4)
Bottom of the 8th over - 0 run(s), 1 hit(s), 0 error(s), 0 left on base; Asheville 12 - Chesapeake 1
TOP OF THE 9TH
Asheville Highlanders batting - Pitching for Chesapeake Continentals : LHP Héctor Rodríguez
Pitching: RHP Anthony Ledesma
Batting: RHB Ed Lastinger 0-0: Ball
1-0: Ball
2-0: Called Strike
2-1: Called Strike
2-2: Ball
3-2: Foul Ball, location: 2F
3-2: Strikes out swinging
Batting: RHB Bill Tan 0-0: Called Strike
0-1: Ground out 6-3 (Groundball, 6)
Batting: RHB Marshall Attwood 0-0: Foul Ball, location: 2F
0-1: Fly out, F7 (Flyball, 78D)
Top of the 9th over - 0 run(s), 0 hit(s), 0 error(s), 0 left on base; Asheville 12 - Chesapeake 1
BOTTOM OF THE 9TH
Chesapeake Continentals batting - Pitching for Asheville Highlanders : RHP Tom Hernández
Now in LF: Ron Spence
Batting: RHB Juan Chávez 0-0: Ball
1-0: Foul Ball, location: 2F
1-1: Ball
2-1: Foul Ball, location: 2F
2-2: Ground out 5-3 (Groundball, 5)
Pinch Hitting: LHB Dana Waldrip 0-0: Called Strike
0-1: Foul Ball, location: 2F
0-2: Ball
1-2: Fly out, F4 (Line Drive, 4)
Batting: LHB Miguel Gazivoda 0-0: Foul Ball, location: 2F
0-1: SOLO HOME RUN (Flyball, 89XD), Distance : 387 ft
Batting: RHB Dave Yates 0-0: Ball
1-0: Called Strike
1-1: Called Strike
1-2: Ball
2-2: Ball
3-2: Foul Ball, location: 2F
3-2: SINGLE (Flyball, 78S)
Batting: RHB José Palácios 0-0: Swinging Strike
0-1: Hit by Pitch
Dave Yates to second
Batting: RHB Alberto Esquivel 0-0: Called Strike
0-1: Ball
1-1: Fielders Choice at 2nd, 6-4 (Groundball, 6)
Bottom of the 9th over - 1 run(s), 2 hit(s), 0 error(s), 1 left on base; Asheville 12 - Chesapeake 2
Tuesday, July 25th, 2017 - OOTP Baseball 17.12 Build 75